 Dungeon Crawl Stone Soup version 0.32-a0-361-g289a535e89 (webtiles) character file.

Game seed: 3905287423258312254

308531 cforsyth the Eclecticist (level 22, -12/172 HPs)
             Began as a Djinni Fire Elementalist on Feb 18, 2024.
             Killed by a mummy priest's death curse (16 damage)
             ... in a wizard's laboratory.
             The game lasted 01:27:57 (46732 turns).

cforsyth the Eclecticist (DjFE)                    Turns: 46732, Time: 01:27:57

Health: -12/172    AC:  7    Str:  7      XL:     22   Next: 14%
Gold:   3769       EV: 26    Int: 33      God:
                   SH: 19    Dex: 18 (20)

rFire   + + +        a - staff "Cugikolu" {rElec rN++ Int-3 Tloc Air, !a}
rCold   . . .        S - +6 kite shield of Recklessness {rElec rCorr Dex+4}
rNeg    + + .        b - +0 troll leather armour
rPois   ∞            r - +2 helmet of Ethics {rElec Int+4}
rElec   +            Y - scarf {rC+ rF+}
rCorr   +            J - +0 pair of gloves
SInv    .            (boots unavailable)
Will    ++...        j - amulet of the acrobat
Stlth   ++           I - +6 ring of intelligence
HPRegen 1.28/turn    E - +5 ring of evasion
MPRegen 0.00/turn

%: acrobat, infuse magic (-13 HP)
@: flying, slowed, studying Throwing, very slow
A: sickness immunity, fire resistance 2, cold vulnerability 1, float, innate
caster, HP casting, extra vitality 1
}: 2/15 runes: serpentine, barnacled
a: no special abilities


You were in a wizard's laboratory.
You visited 7 branches of the dungeon, and saw 35 of its levels.
You also visited: Gauntlet, Ice Cave and Wizlab.

You collected 4796 gold pieces.
You spent 1027 gold pieces at shops.


Innate Abilities, Weirdness & Mutations

You are immune to sickness and miasma.
You are immune to poison.
Your flesh is very heat resistant. (rF++)
You are vulnerable to cold. (rC-)
You float through the air rather than walking.
You learn spells naturally, not from books.
Your magical power is your life essence.
You have superior vitality. (+4 MHP)


   Skills:
 - Level 19.0 Fighting
 + Level 19.6 Dodging
 - Level 1.5 Stealth
 - Level 12.0 Shields
 + Level 19.9 Spellcasting
 + Level 19.9 Conjurations
 + Level 19.9 Hexes
 + Level 19.9 Summonings
 + Level 19.9 Necromancy
 + Level 19.9 Translocations
 + Level 19.9 Fire Magic
 + Level 19.9 Ice Magic
 + Level 19.9 Air Magic
 + Level 19.9 Earth Magic
 + Level 19.9 Alchemy


You knew the following spells:

 Your Spells              Type           Power      Damage    Failure   Level
a - Momentum Strike       Conj/Tloc      100%       3d10      0%          2
b - Jinxbite              Hex            100%       N/A       0%          2
c - Iskenderun's Mystic   Conj/Tloc      100%       2d19      0%          4
d - Plasma Beam           Fire/Air       64%        2x1d80    1%          6
e - Eringya's Noxious Bo  Alch           52%        4d6       1%          6
f - Foxfire               Conj/Fire      100%       2x1d9     0%          1
g - Bombard               Conj/Erth      52%        9d9       1%          6
i - Disjunction           Tloc           64%        N/A       10%         8
m - Magic Dart            Conj           100%       1d8       0%          1
n - Frozen Ramparts       Ice            100%       1d16      0%          3
r - Inner Flame           Hex/Fire       100%       N/A       0%          3
S - Silence               Hex/Air        64%        N/A       1%          5
X - Scorch                Fire           100%       2d9       0%          2
Y - Volatile Blastmotes   Fire/Tloc      100%       2d18      0%          3
Z - Flame Wave            Conj/Fire      100%       2d21      0%          4
Your spell library was empty.

Inventory:

Hand Weapons
 o - the +2 hand axe "Nynaups" {protect, rPois rCorr Dex+3}
   (You found it on level 3 of the Dungeon)

   Dex+3:     It affects your dexterity (+3).
   rPois:     It protects you from poison rCorr: It protects you from acid and
   corrosion.
 t - the +3 dagger "Rofrov" {protect, rPois rN+ Str+3}
   (You found it on level 4 of the Dungeon)

   Str+3:     It affects your strength (+3).
   rPois:     It protects you from poison rN+: It protects you from negative
   energy.
 D - the +2 flail of the Saviour {speed, rElec Str+6}
   (You took it off a minotaur in a Gauntlet)

   Str+6:     It affects your strength (+6).
   rElec:     It insulates you from electricity.
Armour
 b - a +0 troll leather armour (worn)
 r - the +2 helmet of Ethics (worn) {rElec Int+4}
   (You found it on level 4 of the Dungeon)

   Int+4:     It affects your intelligence (+4).
   rElec:     It insulates you from electricity.
 s - the +0 ice dragon scales of Too Many Cooks {rElec rF- rC++ Str-4 Int-3 Stlth+}
   (You found it in an ice cave)

   Str-4:     It affects your strength (-4).
   Int-3:     It affects your intelligence (-3).
   rF-:       It makes you vulnerable to fire.
   rC++:      It greatly protects you from cold.
   rElec:     It insulates you from electricity.
   Stlth+:    It makes you more stealthy.
 J - a +0 pair of gloves (worn)
 S - the +6 kite shield of Recklessness (worn) {rElec rCorr Dex+4}
   (You acquired it on level 4 of the Snake Pit)

   Dex+4:     It affects your dexterity (+4).
   rElec:     It insulates you from electricity.
   rCorr:     It protects you from acid and corrosion.
 Y - a scarf of resistance (worn)
Magical Staves
 a - the staff "Cugikolu" (weapon) {rElec rN++ Int-3 Tloc Air, !a}
   (You found it on level 4 of the Lair of Beasts)

   [staff of air]

   Base accuracy: +5 Base damage: 5 Base attack delay: 1.2 This weapon's minimum
   attack delay (0.6) is reached at skill level 12.
   Int-3:     It affects your intelligence (-3).
   rElec:     It insulates you from electricity.
   rN++:      It greatly protects you from negative energy.
   Tloc:      It increases the power of your Translocations spells.
   Air:       It increases the power of your Air spells.
   It falls into the 'Staves' category.
   It is a one-handed weapon.
 Z - a staff of cold {!a}
Jewellery
 j - an amulet of the acrobat (around neck)
 p - an amulet of reflection
 v - a ring of see invisible
 C - a ring of ice
 E - a +5 ring of evasion (right hand)
 F - the ring "Quonlypp" {rPois rN+ Will+}
   (You found it on level 4 of the Shoals)

   [ring of positive energy]

   rPois:     It protects you from poison rN+: It protects you from negative
   energy.
   Will+:     It increases your willpower.
 H - the ring of Symmetry {rElec rPois rF++ rC- Int+6}
   (You took it off a minotaur in a Gauntlet)

   [ring of intelligence]

   Int+6:     It affects your intelligence (+6).
   rF++:      It greatly protects you from fire.
   rC-:       It makes you vulnerable to cold.
   rElec:     It insulates you from electricity.
   rPois:     It protects you from poison
 I - a +6 ring of intelligence (left hand)
Wands
 i - a wand of charming (28)
 l - a wand of digging (3)
 B - a wand of roots (60)
 K - a wand of mindburst (45)
Scrolls
 d - 5 scrolls of blinking
 g - 17 scrolls of teleportation {@r2}
 k - 3 scrolls of summoning
 m - 4 scrolls of immolation
 n - 4 scrolls of revelation
 w - 4 scrolls of poison
 y - 3 scrolls of silence {!r}
 z - 9 scrolls of noise
 G - 2 scrolls of fear
 L - 3 scrolls of enchant armour
 M - 2 scrolls of fog
 N - 6 scrolls of identify {@r1}
Potions
 c - 10 potions of curing {@q1}
 e - a potion of brilliance
 h - 10 potions of heal wounds {@q2}
 q - 8 potions of ambrosia
 u - 5 potions of might
 x - 9 potions of attraction
 P - 2 potions of mutation
 Q - 6 potions of haste {@q3}
 R - 3 potions of cancellation
 T - 3 potions of berserk rage {!q}
 U - 3 potions of enlightenment
 V - a potion of lignification
 W - a potion of invisibility
 X - 2 potions of resistance
Miscellaneous
 f - a phantom mirror
 A - a phial of floods
 O - a condenser vane

Dungeon Overview and Level Annotations

Branches:
Dungeon (15/15)            Temple (0/1) D:4            Lair (5/5) D:9
 Shoals (4/4) Lair:2        Snake (4/4) Lair:2        Slime (0/5) Lair:4
    Orc (2/2) D:9             Elf (1/3) Orc:2        Vaults (4/5) D:13
  Crypt (0/3) Vaults:3     Depths (0/4) D:15          IceCv (visited)
 WizLab (1/1)             Gauntlet (visited)

Altars:
Ashenzari
Cheibriados
Dithmenos
Fedhas
Gozag
Hepliaklqana
Makhleb
Nemelex Xobeh
Okawaru
Ru
Uskayaw
Wu Jian
Xom
The Shining One

Shops:
D:2 (   D:5 :   D:7 *(?(   Orc:2 [!*[[   Shoals:1 (   Shoals:3 **   Snake:1 (*(
Snake:3 *   Snake:4 *   Vaults:1 *   Vaults:2 =   Vaults:3 ?

Annotations:
Lair:1 exclusion: ice statue
Lair:2 1 runed translucent door, scarr's ghost, journeyman MDMo
Vaults:4 3 runed translucent doors, Feshunla's ghost, adept KoEn; Konionua's ghost, adept KoEn

..................
#.............# .
#......§§.....#
....###.....#..§....###
............#§§§§......
...............§.......
.......................
▒▒▒▒▒▒▒▒▒▒▒▒▒.▒▒▒▒▒▒▒▒▒
▒@..$Z(.....▒
▒...........▒
▒...........▒
▒..∩..∩..∩..▒
▒...........▒
▒...........▒
▒...........▒
▒▒▒▒▒▒▒▒▒▒▒▒▒


You could see a spark wasp zombie.


Message History

* * * LOW HITPOINT WARNING * * *
You feel extremely nervous for a moment...
Your body is wracked with pain!
* * * LOW HITPOINT WARNING * * *
A spark wasp zombie comes into view.
The mummy priest calls on the powers of darkness!
Your body is wracked with pain!
* * * LOW HITPOINT WARNING * * *
A mummy priest comes into view.
Casting: Plasma Beam (mildly dangerous; 1% risk of failure)
Confirm with . or Enter, or press ? or * to list all spells.
Casting: Plasma Beam (mildly dangerous; 1% risk of failure)
Press: ? - help, Dir - look around, f - activate You feel a surge of power!
The bolt of lightning hits the mummy priest!
The mummy priest resists.
You destroy the mummy priest!
The bolt of lightning hits the spark wasp zombie!!!
The spark wasp zombie is moderately damaged.
The bolt of lightning hits the mummy priest!!
The mummy priest resists.
The mummy priest is moderately damaged.
The fiery plasma hits the spark wasp zombie!!!
The spark wasp zombie is almost destroyed.
The fiery plasma hits the mummy priest!!!
You destroy the mummy priest!
* * * LOW HITPOINT WARNING * * *
You feel extremely nervous for a moment...
Pain shoots through your body!
You die...

Skill      XL: |  1  2  3  4  5  6  7  8  9 10 11 12 13 14 15 16 17 18 19 20 21 |
---------------+----------------------------------------------------------------+-----
Fighting       | 1 2 3 4 5 7 9 11 13 14 16 17 19 | 19.0
Spellcasting   | 4 5 6 7 9 10 11 12 14 15 16 17 18 19 | 19.9
Conjurations   | 4 5 6 7 9 10 11 12 14 15 16 17 18 19 | 19.9
Hexes          | 4 5 6 7 9 10 11 12 14 15 16 17 18 19 | 19.9
Summonings     | 4 5 6 7 9 10 11 12 14 15 16 17 18 19 | 19.9
Necromancy     | 4 5 6 7 9 10 11 12 14 15 16 17 18 19 | 19.9
Translocations | 4 5 6 7 9 10 11 12 14 15 16 17 18 19 | 19.9
Fire Magic     | 4 5 6 7 9 10 11 12 14 15 16 17 18 19 | 19.9
Ice Magic      | 4 5 6 7 9 10 11 12 14 15 16 17 18 19 | 19.9
Air Magic      | 4 5 6 7 9 10 11 12 14 15 16 17 18 19 | 19.9
Earth Magic    | 4 5 6 7 9 10 11 12 14 15 16 17 18 19 | 19.9
Alchemy        | 4 5 6 7 9 10 11 12 14 15 16 17 18 19 | 19.9
Shields        | 2 6 9 11 12 | 12.0
Dodging        | 3 8 10 12 15 17 19 | 19.6
Stealth        | |  1.5

Action                     |  1- 3 |  4- 6 |  7- 9 | 10-12 | 13-15 | 16-18 | 19-21 | 22-24 || total
---------------------------+-------+-------+-------+-------+-------+-------+-------+-------++-------
  Melee: Unarmed           |       |     6 |       |       |       |       |       |       ||     6
   Cast: Foxfire           |    70 |   220 |   248 |   458 |   389 |       |       |       ||  1385
         Scorch            |       |     8 |    27 |    96 |   112 |       |       |       ||   243
         Inner Flame       |       |       |    10 |    55 |   163 |     1 |       |       ||   229
         Iskenderun's Myst |       |       |       |    20 |   153 |    37 |    18 |       ||   228
         Volatile Blastmot |       |       |       |     9 |     1 |       |       |       ||    10
         Magic Dart        |       |       |       |     2 |     5 |       |       |       ||     7
         Frozen Ramparts   |       |       |       |       |     2 |       |       |       ||     2
         Plasma Beam       |       |       |       |       |    68 |   445 |   505 |    35 ||  1053
         Bombard           |       |       |       |       |       |       |    10 |     2 ||    12
  Evoke: Wand              |       |       |       |       |     1 |       |       |       ||     1
    Use: Scroll            |       |       |     9 |     3 |    11 |     6 |     5 |       ||    34
         Potion            |       |       |       |       |     3 |       |       |       ||     3
 Armour: Robe              |     2 |    13 |    34 |    20 |       |       |       |       ||    69
         Troll leather arm |       |       |       |    68 |   220 |    78 |    26 |     2 ||   394
         Leather armour    |       |       |       |       |     6 |       |       |       ||     6
  Dodge: Dodged            |     4 |    23 |    22 |    72 |   142 |    70 |    50 |     1 ||   384
  Block: Kite shield       |       |       |       |       |       |    24 |    60 |     2 ||    86

Levels and vault maps discovered:
D:1:      wander_arrival_fairy_ring, layout_basic, kennysheep_boxes
D:2:      layout_basic, serial_shops, nicolae_shop_trees, wad_orctagon
D:3:      layout_basic, gammafunk_temple_overflow_claw, kennysheep_small_spiral,
          hangedman_feature_mirror, minivault_11, uniq_ijyb
D:4:      layout_rooms, lemuel_coloured_pillars_altar,
          nemelex_spade_bored_becter, temple_doors_e, uniq_robin,
          uniq_blork_the_orc, uniq_sigmund
D:5:      layout_basic, slow_altar_1, mainiacjoe_overflow_catwalk,
          mainiacjoe_overflow_cross_hatched, mainiacjoe_overflow_chevrons,
          nicolae_shop_i_like_big_books
D:6:      layout_loops_ring, mainiacjoe_overflow_surrounded_room,
          kennysheep_generic_room_3
D:7:      hangedman_cross_stitches, layout_layer_cave, serial_shops,
          nicolae_shop_back_alley_shop, shop, nicolae_take_the_stairs,
          nicolae_shop_hallway_stairs, corner_web_ring
D:8:      layout_basic, lemuel_tele_altar, nicolae_vehumet_radiance
D:9:      layout_irregular_city, evilmike_ruin_ashenzari, lair_entry_dummy,
          david_orc_3, nicolae_demonic_statue_gallery
D:10:     layout_roguey, amcnicky_altar_gilded, mainiacjoe_overflow_alcove_1,
          uniq_maurice
D:11:     layout_grid_maze, xom_teletrap_fun, uniq_harold, uniq_lodul
D:12:     gammafunk_mikee_crab_dinner, layout_stronghold
D:13:     minmay_ambush_box, layout_loops_corners, david_vaults_3
D:14:     layout_basic, hangedman_decor_riveting, minmay_misc_feat_encased,
          uniq_frances
D:15:     hellmonk_depths_entry_around_the_bend, layout_loops_ring,
          okawaru_metal_pillars_3, drop_trap, uniq_rupert, uniq_josephine
Lair:1:   statuecave_lemuel, layout_cave_pods, infiniplex_staircase_pool
Lair:2:   layout_hall_layers, minmay_shoals_entry_lonely_mermaid,
          guppyfry_snake_entry_garden, ebering_ghost_funeral_grove,
          nicolae_quartered_pool_little, dreamdust_deal_with_the_devil,
          uniq_amaemon, uniq_maggie, uniq_prince_ribbit2
Lair:3:   layout_chaotic_city, grunt_megastairs_5
Lair:4:   minmay_guarded_unrand_snakebite, layout_hall_layers,
          nicolae_slime_entry_slimehenge, portal_ice_cave_demonic_guard
Lair:5:   grunt_lair_end_beastmaster, layout_regular_city, roderic_batcave,
          serial_bayou_shore_a, infiniplex_staircase_pool_2
Shoals:1: layout_shoals, serial_shops, shop_fountains
Shoals:2: layout_shoals, uniq_ilsuiw
Shoals:3: layout_shoals, serial_shops, shop, nicolae_shop_clearance
Shoals:4: shoals_end_hangedman, layout_shoals, shoal_ilsuiw
Snake:1:  layout_chambers, basic_altar, lemuel_fruit_tree, minmay_shop_star,
          uniq_azrael
Snake:2:  layout_gridlike, basic_altar, nrook_guardian_serpent_double
Snake:3:  hangedman_cross_veins, layout_basic, nicolae_shop_gadgets
Snake:4:  grunt_snake_rune_pools, layout_layer_cave, nicolae_specific_store,
          uniq_aizul
Orc:1:    dreamdust_wu_jian_sword_trials, layout_diamond_mine
Orc:2:    st_orc_open, layout_caves, serial_shops,
          nicolae_shop_industrial_runoff, gauntlet_entry_generic, uniq_jorgrun,
          uniq_nessos, uniq_erolcha
Elf:1:    eino_elf_arrival_sip, layout_onion_city, mu_enter_wizlab_7,
          minmay_elf_sorcery
Vaults:1: vaults_room_grid, v_misc_16, nicolae_vaults_storage_room_glass,
          nicolae_vaults_shock_wave, nicolae_vaults_little_squares_6,
          nicolae_vaults_heart-shaped_vault, nicolae_vaults_tetromino_T_2,
          layout_vaults_chaotic_city, serial_shops, nicolae_shop_hallway_plus
Vaults:2: hangedman_vaults_capsules, v_misc_33, ontoclasm_vaults_loading_screen,
          nicolae_vaults_hexular_roomagon, nicolae_vaults_network_barrier,
          ontoclasm_vaults_ligature, nicolae_vaults_turnstiles,
          nicolae_vaults_storage_room_doors, nicolae_vaults_sesquioval_fish,
          nicolae_vaults_two_Ls, nicolae_vaults_six-pack, layout_vaults_omnibox,
          serial_shops, nicolae_shop_window_shopping
Vaults:3: v_misc_29, ontoclasm_vaults_shuriken,
          nicolae_vaults_oval_intersection, minmay_crypt_entry_simple_walls,
          nicolae_vaults_little_squares_3, nicolae_vaults_security_offices_3,
          layout_vaults_omnigrid, serial_shops, nicolae_shop_hallway_stairs,
          uniq_xtahua
Vaults:4: gammafunk_ghost_cemetery, v_misc_11, hangedman_vaults_maws,
          vaults_dpeg_doors, hangedman_vaults_restitches,
          nicolae_vaults_ring_of_whatevers, v_alt_pattern_6,
          nicolae_vaults_what_the_h, nicolae_vaults_tetromino_T_1, v_misc_3,
          ontoclasm_vaults_loading_screen, layout_vaults_omnicross
WizLab:   wizlab_doroklohe

Notes
Turn   | Place    | Note
-------+----------+-------------------------------------------
     0 | D:1      | cforsyth the Djinni Fire Elementalist began the quest for
                  | the Orb.
     0 | D:1      | cforsyth set off with the following spells memorised:
                  | Foxfire, Scorch, Volatile Blastmotes, Inner Flame, Flame
                  | Wave.
     0 | D:1      | Reached XP level 1. HP: 15/15 MP: 0/0
    87 | D:1      | Reached XP level 2. HP: 20/22 MP: 0/0
   102 | D:1      | Reached skill level 1 in Fighting
   253 | D:1      | Reached XP level 3. HP: 22/27 MP: 0/0
   253 | D:1      | Learned a level 1 spell: Magic Dart
   422 | D:1      | Reached skill level 2 in Fighting
   639 | D:1      | Reached XP level 4. HP: 32/33 MP: 0/0
  1375 | D:2      | Found Ontuwn's Weapon Emporium.
  1742 | D:2      | Reached XP level 5. HP: 38/40 MP: 0/0
  1742 | D:2      | Learned a level 2 spell: Momentum Strike
  1908 | D:2      | Reached skill level 3 in Fighting
  1908 | D:2      | Reached skill level 4 in Spellcasting
  1908 | D:2      | Reached skill level 4 in Conjurations
  1908 | D:2      | Reached skill level 4 in Hexes
  1908 | D:2      | Reached skill level 4 in Summonings
  1908 | D:2      | Reached skill level 4 in Necromancy
  1908 | D:2      | Reached skill level 4 in Translocations
  1908 | D:2      | Reached skill level 4 in Fire Magic
  1908 | D:2      | Reached skill level 4 in Ice Magic
  1908 | D:2      | Reached skill level 4 in Air Magic
  1908 | D:2      | Reached skill level 4 in Earth Magic
  1908 | D:2      | Reached skill level 4 in Alchemy
  2116 | D:3      | Noticed Ijyb
  2137 | D:3      | Killed Ijyb
  2467 | D:3      | Reached XP level 6. HP: 42/47 MP: 0/0
  2648 | D:3      | Reached skill level 4 in Fighting
  3242 | D:3      | Identified the +2 hand axe "Nynaups" {protect, rPois rCorr
                  | Dex+3}
  3396 | D:3      | Found an iron altar of Okawaru.
  3398 | D:3      | Found a shadowy altar of Dithmenos.
  3621 | D:4      | Noticed Blork the orc
  3625 | D:4      | Killed Blork the orc
  3630 | D:4      | Reached XP level 7. HP: 45/53 MP: 0/0
  3630 | D:4      | Learned a level 2 spell: Jinxbite
  3733 | D:4      | Noticed Sigmund
  3737 | D:4      | Killed Sigmund
  3738 | D:4      | Reached skill level 5 in Fighting
  3738 | D:4      | Reached skill level 5 in Spellcasting
  3738 | D:4      | Reached skill level 5 in Conjurations
  3738 | D:4      | Reached skill level 5 in Hexes
  3738 | D:4      | Reached skill level 5 in Summonings
  3738 | D:4      | Reached skill level 5 in Necromancy
  3738 | D:4      | Reached skill level 5 in Translocations
  3738 | D:4      | Reached skill level 5 in Fire Magic
  3738 | D:4      | Reached skill level 5 in Ice Magic
  3738 | D:4      | Reached skill level 5 in Air Magic
  3738 | D:4      | Reached skill level 5 in Earth Magic
  3738 | D:4      | Reached skill level 5 in Alchemy
  3772 | D:4      | Found a staircase to the Ecumenical Temple.
  3826 | D:4      | Identified the +2 helmet of Ethics {rElec Int+4}
  3894 | D:4      | Found a sparkling altar of Nemelex Xobeh.
  3935 | D:4      | Noticed Robin
  3951 | D:4      | Killed Robin
  4143 | D:4      | Reached XP level 8. HP: 57/61 MP: 0/0
  4156 | D:4      | Identified the +3 dagger "Rofrov" {protect, rPois rN+
                  | Str+3}
  4159 | D:4      | Found an opulent altar of Gozag.
  4289 | D:5      | Entered Level 5 of the Dungeon
  4326 | D:5      | Reached skill level 6 in Fighting
  4530 | D:5      | Found an ornate altar of the Wu Jian Council.
  4793 | D:5      | Found Nivem's Tremendous Tomes.
  4829 | D:5      | Reached skill level 6 in Spellcasting
  4829 | D:5      | Reached skill level 6 in Conjurations
  4829 | D:5      | Reached skill level 6 in Hexes
  4829 | D:5      | Reached skill level 6 in Summonings
  4829 | D:5      | Reached skill level 6 in Necromancy
  4829 | D:5      | Reached skill level 6 in Translocations
  4829 | D:5      | Reached skill level 6 in Fire Magic
  4829 | D:5      | Reached skill level 6 in Ice Magic
  4829 | D:5      | Reached skill level 6 in Air Magic
  4829 | D:5      | Reached skill level 6 in Earth Magic
  4829 | D:5      | Reached skill level 6 in Alchemy
  4898 | D:5      | Reached skill level 7 in Fighting
  4938 | D:5      | Found a hide-covered altar of Uskayaw.
  4976 | D:5      | Found a snail-covered altar of Cheibriados.
  5244 | D:5      | Found a blossoming altar of Fedhas.
  5270 | D:6      | Reached XP level 9. HP: 63/68 MP: 0/0
  5270 | D:6      | Learned a level 3 spell: Frozen Ramparts
  5571 | D:6      | Reached skill level 8 in Fighting
  5695 | D:6      | Reached skill level 7 in Spellcasting
  5695 | D:6      | Reached skill level 7 in Conjurations
  5695 | D:6      | Reached skill level 7 in Hexes
  5695 | D:6      | Reached skill level 7 in Summonings
  5695 | D:6      | Reached skill level 7 in Necromancy
  5695 | D:6      | Reached skill level 7 in Translocations
  5695 | D:6      | Reached skill level 7 in Fire Magic
  5695 | D:6      | Reached skill level 7 in Ice Magic
  5695 | D:6      | Reached skill level 7 in Air Magic
  5695 | D:6      | Reached skill level 7 in Earth Magic
  5695 | D:6      | Reached skill level 7 in Alchemy
  6082 | D:6      | Found a burning altar of Makhleb.
  6435 | D:7      | Reached skill level 9 in Fighting
  6609 | D:7      | Found Efupp's Magic Scroll Emporium.
  6623 | D:7      | Bought a scroll of identify for 20 gold pieces
  6623 | D:7      | Bought a scroll of revelation for 75 gold pieces
  6623 | D:7      | Bought a scroll of teleportation for 30 gold pieces
  6623 | D:7      | Bought a scroll of identify for 20 gold pieces
  6672 | D:7      | Found Sowuimay's Antique Weapon Boutique.
  6735 | D:7      | Killed an unseen horror
  6736 | D:7      | Reached XP level 10. HP: 34/78 MP: 0/0
  6755 | D:7      | Reached skill level 8 in Spellcasting
  6755 | D:7      | Reached skill level 8 in Conjurations
  6755 | D:7      | Reached skill level 8 in Hexes
  6755 | D:7      | Reached skill level 8 in Summonings
  6755 | D:7      | Reached skill level 8 in Necromancy
  6755 | D:7      | Reached skill level 8 in Translocations
  6755 | D:7      | Reached skill level 8 in Fire Magic
  6755 | D:7      | Reached skill level 8 in Ice Magic
  6755 | D:7      | Reached skill level 8 in Air Magic
  6755 | D:7      | Reached skill level 8 in Earth Magic
  6755 | D:7      | Reached skill level 8 in Alchemy
  7145 | D:7      | Found Lesec's Weapon Shoppe.
  7218 | D:7      | Reached skill level 10 in Fighting
  8045 | D:7      | Found Plog's General Store.
  8518 | D:8      | Found a hazy altar of Hepliaklqana.
  9469 | D:9      | Found a staircase to the Lair.
  9633 | D:9      | Reached skill level 11 in Fighting
  9839 | D:9      | Found a broken altar of Ashenzari.
  9923 | D:9      | Reached skill level 9 in Spellcasting
  9923 | D:9      | Reached skill level 9 in Conjurations
  9923 | D:9      | Reached skill level 9 in Hexes
  9923 | D:9      | Reached skill level 9 in Summonings
  9923 | D:9      | Reached skill level 9 in Necromancy
  9923 | D:9      | Reached skill level 9 in Translocations
  9923 | D:9      | Reached skill level 9 in Fire Magic
  9923 | D:9      | Reached skill level 9 in Ice Magic
  9923 | D:9      | Reached skill level 9 in Air Magic
  9923 | D:9      | Reached skill level 9 in Earth Magic
  9923 | D:9      | Reached skill level 9 in Alchemy
 10021 | D:9      | Noticed an orange demon
 10030 | D:9      | Killed an orange demon
 10031 | D:9      | Reached XP level 11. HP: 78/87 MP: 0/0
 10031 | D:9      | Learned a level 4 spell: Iskenderun's Mystic Blast
 10113 | D:9      | HP: 6/87 [cloud of flame (5)]
 10517 | D:9      | Found a staircase to the Orcish Mines.
 10705 | D:10     | Entered Level 10 of the Dungeon
 10782 | D:10     | Noticed a two-headed ogre
 10789 | D:10     | Killed a two-headed ogre
 10878 | D:10     | Reached skill level 12 in Fighting
 10934 | D:10     | Noticed Maurice
 10951 | D:10     | Killed Maurice
 11065 | D:10     | Found a sacrificial altar of Ru.
 11296 | D:10     | Found a glowing golden altar of the Shining One.
 11335 | D:10     | Reached skill level 10 in Spellcasting
 11335 | D:10     | Reached skill level 10 in Conjurations
 11335 | D:10     | Reached skill level 10 in Hexes
 11335 | D:10     | Reached skill level 10 in Summonings
 11335 | D:10     | Reached skill level 10 in Necromancy
 11335 | D:10     | Reached skill level 10 in Translocations
 11335 | D:10     | Reached skill level 10 in Fire Magic
 11335 | D:10     | Reached skill level 10 in Ice Magic
 11335 | D:10     | Reached skill level 10 in Air Magic
 11335 | D:10     | Reached skill level 10 in Earth Magic
 11335 | D:10     | Reached skill level 10 in Alchemy
 11586 | D:11     | Noticed Lodul
 11594 | D:11     | Killed Lodul
 11598 | D:11     | Noticed a cyclops
 11690 | D:11     | Noticed a manticore
 11695 | D:11     | Killed a manticore
 11696 | D:11     | Reached skill level 13 in Fighting
 11826 | D:11     | Noticed a purple ugly thing
 11828 | D:11     | Reached XP level 12. HP: 88/98 MP: 0/0
 11871 | D:11     | Found a shimmering altar of Xom.
 12206 | D:11     | Noticed Harold
 12213 | D:11     | Killed Harold
 12406 | D:11     | Reached skill level 11 in Spellcasting
 12406 | D:11     | Reached skill level 11 in Conjurations
 12406 | D:11     | Reached skill level 11 in Hexes
 12406 | D:11     | Reached skill level 11 in Summonings
 12406 | D:11     | Reached skill level 11 in Necromancy
 12406 | D:11     | Reached skill level 11 in Translocations
 12406 | D:11     | Reached skill level 11 in Fire Magic
 12406 | D:11     | Reached skill level 11 in Ice Magic
 12406 | D:11     | Reached skill level 11 in Air Magic
 12406 | D:11     | Reached skill level 11 in Earth Magic
 12406 | D:11     | Reached skill level 11 in Alchemy
 12614 | D:12     | Noticed a two-headed ogre
 12619 | D:12     | Killed a two-headed ogre
 12732 | D:12     | Reached skill level 14 in Fighting
 13286 | D:12     | Noticed a two-headed ogre
 13289 | D:12     | Killed a two-headed ogre
 13299 | D:12     | Noticed a boulder beetle
 13685 | D:12     | Noticed a boulder beetle
 13726 | D:12     | Killed a boulder beetle
 13951 | D:12     | Killed a boulder beetle
 14038 | D:12     | Found a runed translucent door.
 14235 | D:12     | Noticed a fire crab
 14257 | D:13     | Noticed an eight-headed hydra
 14257 | D:13     | Noticed a fire dragon
 14257 | D:13     | Noticed a centaur warrior
 14257 | D:13     | Noticed a boulder beetle
 14343 | Lair:1   | Entered Level 1 of the Lair of Beasts
 14376 | Lair:1   | Reached XP level 13. HP: 104/106 MP: 0/0
 14376 | Lair:1   | Learned a level 5 spell: Silence
 14775 | Lair:1   | Reached skill level 15 in Fighting
 14962 | Lair:1   | Reached skill level 12 in Spellcasting
 14962 | Lair:1   | Reached skill level 12 in Conjurations
 14962 | Lair:1   | Reached skill level 12 in Hexes
 14962 | Lair:1   | Reached skill level 12 in Summonings
 14962 | Lair:1   | Reached skill level 12 in Necromancy
 14962 | Lair:1   | Reached skill level 12 in Translocations
 14962 | Lair:1   | Reached skill level 12 in Fire Magic
 14962 | Lair:1   | Reached skill level 12 in Ice Magic
 14962 | Lair:1   | Reached skill level 12 in Air Magic
 14962 | Lair:1   | Reached skill level 12 in Earth Magic
 14962 | Lair:1   | Reached skill level 12 in Alchemy
 15773 | Lair:2   | Noticed Prince Ribbit
 15790 | Lair:2   | Killed Prince Ribbit
 15829 | Lair:2   | Found a runed translucent door.
 15831 | Lair:2   | Noticed scarr's ghost (journeyman MDMo)
 15832 | Lair:2   | Identified the +0 spear of Fortitude {heavy, Str+3 Dex-5
                  | Stlth+}
 15851 | Lair:2   | Found a staircase to the Snake Pit.
 15930 | Lair:2   | Found the +15 Maxwell's patent armour {-Cast -Tele rElec
                  | Will+ rCorr}
 16036 | Lair:2   | Noticed Amaemon
 16167 | Lair:2   | Found a staircase to the Shoals.
 16241 | Lair:2   | Killed Amaemon
 16265 | Lair:2   | Noticed an eight-headed hydra
 16271 | Lair:2   | Killed an eight-headed hydra
 16350 | Lair:2   | Reached skill level 16 in Fighting
 16683 | Lair:2   | Noticed Maggie
 16691 | Lair:2   | Killed Maggie
 17907 | Lair:3   | Reached XP level 14. HP: 94/117 MP: 0/0
 18751 | Lair:4   | Reached skill level 13 in Spellcasting
 18751 | Lair:4   | Reached skill level 13 in Conjurations
 18751 | Lair:4   | Reached skill level 13 in Hexes
 18751 | Lair:4   | Reached skill level 13 in Summonings
 18751 | Lair:4   | Reached skill level 13 in Necromancy
 18751 | Lair:4   | Reached skill level 13 in Translocations
 18751 | Lair:4   | Reached skill level 13 in Fire Magic
 18751 | Lair:4   | Reached skill level 13 in Ice Magic
 18751 | Lair:4   | Reached skill level 13 in Air Magic
 18751 | Lair:4   | Reached skill level 13 in Earth Magic
 18751 | Lair:4   | Reached skill level 13 in Alchemy
 18813 | Lair:4   | Found a frozen archway.
 18824 | IceCv    | Entered an ice cave
 19137 | IceCv    | Identified the +0 ice dragon scales of Too Many Cooks
                  | {rElec rF- rC++ Str-4 Int-3 Stlth+}
 19139 | IceCv    | Identified a +0 leather armour of resistance
 19223 | IceCv    | Reached skill level 17 in Fighting
 20354 | IceCv    | Identified a scarf of resistance
 20559 | Lair:4   | Found a staircase to the Slime Pits.
 20594 | Lair:4   | Identified the staff "Cugikolu" {rElec rN++ Int-3 Tloc Air}
 21678 | Lair:4   | Found the +8 whip "Snakebite" {venom, curare, rPois}
 21759 | Lair:5   | Entered Level 5 of the Lair of Beasts
 22749 | Lair:5   | Reached skill level 14 in Spellcasting
 22749 | Lair:5   | Reached skill level 14 in Conjurations
 22749 | Lair:5   | Reached skill level 14 in Hexes
 22749 | Lair:5   | Reached skill level 14 in Summonings
 22749 | Lair:5   | Reached skill level 14 in Necromancy
 22749 | Lair:5   | Reached skill level 14 in Translocations
 22749 | Lair:5   | Reached skill level 14 in Fire Magic
 22749 | Lair:5   | Reached skill level 14 in Ice Magic
 22749 | Lair:5   | Reached skill level 14 in Air Magic
 22749 | Lair:5   | Reached skill level 14 in Earth Magic
 22749 | Lair:5   | Reached skill level 14 in Alchemy
 22854 | Lair:5   | Reached XP level 15. HP: 94/126 MP: 0/0
 22854 | Lair:5   | Learned a level 6 spell: Plasma Beam
 22858 | Lair:5   | Reached skill level 18 in Fighting
 23123 | Lair:5   | Identified 2 potions of resistance
 23276 | Orc:1    | Entered Level 1 of the Orcish Mines
 23450 | Orc:2    | Entered Level 2 of the Orcish Mines
 23450 | Orc:2    | Noticed Erolcha
 23462 | Orc:2    | Killed Erolcha
 23464 | Orc:2    | Found Bygufer's Distillery.
 23483 | Orc:2    | Found Uhimagan's Armour Shoppe.
 23507 | Orc:2    | Found a gate leading to a gauntlet.
 23513 | Orc:2    | Noticed Jorgrun
 23516 | Gauntlet | Entered a Gauntlet
 23516 | Gauntlet | Found a large runed translucent door.
 23516 | Gauntlet | Found a large runed translucent door.
 23516 | Gauntlet | Found a large runed translucent door.
 23516 | Gauntlet | Found a large runed translucent door.
 23516 | Gauntlet | Found a runed translucent door.
 23516 | Gauntlet | Found a large runed translucent door.
 23516 | Gauntlet | Found a large runed translucent door.
 23516 | Gauntlet | Found a transporter.
 23516 | Gauntlet | Found a transporter.
 23516 | Gauntlet | Found a large runed translucent door.
 23516 | Gauntlet | Found a large runed translucent door.
 23516 | Gauntlet | Found a runed translucent gate.
 23516 | Gauntlet | Found a runed translucent gate.
 23516 | Gauntlet | Found a transporter.
 23516 | Gauntlet | Found a transporter.
 23596 | Gauntlet | Found a runed translucent gate.
 23596 | Gauntlet | Found a runed translucent door.
 23596 | Gauntlet | Found a transporter.
 23610 | Gauntlet | Found a transporter.
 23611 | Gauntlet | Found a transporter.
 23626 | Gauntlet | Found a transporter.
 23628 | Gauntlet | Found a transporter.
 23644 | Gauntlet | Found a transporter.
 23648 | Gauntlet | Found a transporter.
 23658 | Gauntlet | Found a transporter.
 23693 | Gauntlet | Found a large runed translucent door.
 23693 | Gauntlet | Found a large runed translucent door.
 23693 | Gauntlet | Found a large runed translucent door.
 23693 | Gauntlet | Found a large runed translucent door.
 23694 | Gauntlet | Found a large runed translucent door.
 23694 | Gauntlet | Found a large runed translucent door.
 23695 | Gauntlet | Found a large runed translucent door.
 23695 | Gauntlet | Found a large runed translucent door.
 24494 | Gauntlet | Identified the +2 flail of the Saviour {speed, rElec Str+6}
 24494 | Gauntlet | Identified the ring of Symmetry {rElec rPois rF++ rC-
                  | Int+6}
 24576 | Gauntlet | Identified the +3 war axe "Bugatawn" {venom, rCorr}
 24662 | Orc:1    | Found an ornate altar of the Wu Jian Council.
 24662 | Orc:1    | Found a transporter.
 24673 | Orc:1    | Found a transporter.
 24734 | Orc:1    | Found a transporter.
 24754 | Orc:1    | Found a transporter.
 24754 | Orc:1    | Found an ornate altar of the Wu Jian Council.
 24754 | Orc:1    | Noticed an orc warlord
 24856 | Orc:2    | Killed Jorgrun
 24930 | Orc:2    | Noticed Nessos
 25093 | Orc:2    | Killed Nessos
 25176 | Orc:2    | Reached skill level 19 in Fighting
 25238 | Orc:2    | Found Foaczur's Antique Armour Emporium.
 25247 | Orc:2    | Found Uzoscho's Assorted Antiques.
 25248 | Orc:2    | Found Goiqe's Armour Boutique.
 25255 | Orc:2    | Bought a scroll labelled RODEUN AQYS for 22 gold pieces
 25372 | Orc:2    | Found a staircase to the Elven Halls.
 25377 | Orc:2    | Bought a potion of haste for 110 gold pieces
 25377 | Orc:2    | Bought a potion of heal wounds for 55 gold pieces
 25377 | Orc:2    | Bought a potion of heal wounds for 55 gold pieces
 25709 | Orc:1    | Reached skill level 1 in Shields
 25713 | Orc:1    | Reached skill level 15 in Spellcasting
 25713 | Orc:1    | Reached skill level 15 in Conjurations
 25713 | Orc:1    | Reached skill level 15 in Hexes
 25713 | Orc:1    | Reached skill level 15 in Summonings
 25713 | Orc:1    | Reached skill level 15 in Necromancy
 25713 | Orc:1    | Reached skill level 15 in Translocations
 25713 | Orc:1    | Reached skill level 15 in Fire Magic
 25713 | Orc:1    | Reached skill level 15 in Ice Magic
 25713 | Orc:1    | Reached skill level 15 in Air Magic
 25713 | Orc:1    | Reached skill level 15 in Earth Magic
 25713 | Orc:1    | Reached skill level 15 in Alchemy
 26018 | Orc:1    | Reached skill level 3 in Dodging
 26157 | Orc:1    | Killed an orc warlord
 26158 | Orc:1    | Reached skill level 2 in Shields
 26459 | D:12     | Reached XP level 16. HP: 106/135 MP: 0/0
 26507 | D:12     | Reached skill level 4 in Dodging
 26528 | D:12     | Reached skill level 3 in Shields
 26650 | D:12     | Identified the +1 orcbow of Demonkind {freeze, Stlth+}
 26753 | D:12     | Reached skill level 5 in Dodging
 26916 | D:12     | Reached skill level 4 in Shields
 27299 | D:13     | Identified the +2 chain mail of the Poles {Dex+6}
 27988 | D:13     | Reached skill level 6 in Dodging
 27990 | D:13     | Reached skill level 5 in Shields
 28073 | D:13     | Found a gate to the Vaults.
 28563 | D:14     | Reached skill level 7 in Dodging
 28574 | D:14     | Reached skill level 6 in Shields
 28624 | D:14     | Noticed Frances
 28627 | D:14     | Killed Frances
 29016 | D:15     | Entered Level 15 of the Dungeon
 29030 | D:15     | Noticed Rupert
 29037 | D:15     | Paralysed by Rupert for 2 turns
 29042 | D:15     | Killed Rupert
 29337 | D:15     | Noticed Josephine
 29339 | D:15     | Killed Josephine
 29436 | D:15     | Reached skill level 8 in Dodging
 29436 | D:15     | Reached XP level 17. HP: 136/141 MP: 0/0
 29436 | D:15     | Learned a level 6 spell: Eringya's Noxious Bog
 29447 | D:15     | Reached skill level 7 in Shields
 29508 | D:15     | Found an iron altar of Okawaru.
 29632 | D:15     | Found a staircase to the Depths.
 30161 | Snake:1  | Entered Level 1 of the Snake Pit
 30177 | Snake:1  | Reached skill level 16 in Spellcasting
 30177 | Snake:1  | Reached skill level 16 in Conjurations
 30177 | Snake:1  | Reached skill level 16 in Hexes
 30177 | Snake:1  | Reached skill level 16 in Summonings
 30177 | Snake:1  | Reached skill level 16 in Necromancy
 30177 | Snake:1  | Reached skill level 16 in Translocations
 30177 | Snake:1  | Reached skill level 16 in Fire Magic
 30177 | Snake:1  | Reached skill level 16 in Ice Magic
 30177 | Snake:1  | Reached skill level 16 in Air Magic
 30177 | Snake:1  | Reached skill level 16 in Earth Magic
 30177 | Snake:1  | Reached skill level 16 in Alchemy
 30212 | Snake:1  | Noticed Azrael
 30380 | Snake:1  | Killed Azrael
 30381 | Snake:1  | Reached skill level 9 in Dodging
 30484 | Snake:1  | Reached skill level 8 in Shields
 30528 | Snake:1  | You are sucked into a shaft and drop 1 floor!
 30731 | Snake:1  | Found Viril's Weapon Boutique.
 30733 | Snake:1  | Found Gath's Assorted Antiques.
 30735 | Snake:1  | Found Cociro Tagh's Weapon Boutique.
 30741 | Snake:1  | Bought a scroll of identify for 84 gold pieces
 31930 | Snake:2  | Found an ornate altar of the Wu Jian Council.
 32326 | Snake:3  | Found Zameah's Gadget Gallery.
 32435 | Snake:3  | Reached skill level 10 in Dodging
 32584 | Snake:3  | Reached skill level 9 in Shields
 32891 | Snake:3  | Reached XP level 18. HP: 138/148 MP: 0/0
 33599 | Snake:4  | Entered Level 4 of the Snake Pit
 33603 | Snake:4  | Reached skill level 11 in Dodging
 33731 | Snake:4  | Identified the serpent talisman of Defence {Will+}
 33731 | Snake:4  | Noticed Aizul
 33733 | Snake:4  | Killed Aizul
 34336 | Snake:4  | Identified a scroll of acquirement
 34337 | Snake:4  | Acquired the +6 kite shield of Recklessness {rElec rCorr
                  | Dex+4}
 34446 | Snake:4  | Reached skill level 10 in Shields
 34635 | Snake:4  | Found Borghoics's General Store.
 34643 | Snake:4  | Found Ygowasig's Specific Store.
 35117 | Snake:4  | Reached skill level 12 in Dodging
 35498 | Snake:4  | Reached skill level 11 in Shields
 35499 | Snake:4  | Reached skill level 17 in Spellcasting
 35499 | Snake:4  | Reached skill level 17 in Conjurations
 35499 | Snake:4  | Reached skill level 17 in Hexes
 35499 | Snake:4  | Reached skill level 17 in Summonings
 35499 | Snake:4  | Reached skill level 17 in Necromancy
 35499 | Snake:4  | Reached skill level 17 in Translocations
 35499 | Snake:4  | Reached skill level 17 in Fire Magic
 35499 | Snake:4  | Reached skill level 17 in Ice Magic
 35499 | Snake:4  | Reached skill level 17 in Air Magic
 35499 | Snake:4  | Reached skill level 17 in Earth Magic
 35499 | Snake:4  | Reached skill level 17 in Alchemy
 35799 | Snake:4  | Reached XP level 19. HP: 96/153 MP: 0/0
 35799 | Snake:4  | Learned a level 6 spell: Bombard
 35889 | Snake:4  | Got a serpentine rune of Zot
 36041 | Shoals:1 | Entered Level 1 of the Shoals
 36507 | Shoals:1 | Reached skill level 13 in Dodging
 36514 | Shoals:1 | Found Misycs's Weapon Boutique.
 36519 | Shoals:1 | Identified the +2 shortbow "Hydrabane" {freeze, Stlth+}
 36957 | Shoals:2 | Noticed Ilsuiw
 37231 | Shoals:2 | Reached skill level 12 in Shields
 37323 | Shoals:2 | Killed Ilsuiw
 38253 | Shoals:3 | Found Byigg's CLEARANCE SALE!.
 38506 | Shoals:3 | Reached skill level 14 in Dodging
 38672 | Shoals:3 | Found Bekhlol's General Store.
 38680 | Shoals:3 | Bought a potion of heal wounds for 50 gold pieces
 38680 | Shoals:3 | Bought a potion of haste for 100 gold pieces
 39220 | Shoals:4 | Entered Level 4 of the Shoals
 39827 | Shoals:4 | Reached skill level 15 in Dodging
 39827 | Shoals:4 | Reached skill level 18 in Spellcasting
 39827 | Shoals:4 | Reached skill level 18 in Conjurations
 39827 | Shoals:4 | Reached skill level 18 in Hexes
 39827 | Shoals:4 | Reached skill level 18 in Summonings
 39827 | Shoals:4 | Reached skill level 18 in Necromancy
 39827 | Shoals:4 | Reached skill level 18 in Translocations
 39827 | Shoals:4 | Reached skill level 18 in Fire Magic
 39827 | Shoals:4 | Reached skill level 18 in Ice Magic
 39827 | Shoals:4 | Reached skill level 18 in Air Magic
 39827 | Shoals:4 | Reached skill level 18 in Earth Magic
 39827 | Shoals:4 | Reached skill level 18 in Alchemy
 39888 | Shoals:4 | Reached XP level 20. HP: 108/160 MP: 0/0
 40441 | Shoals:4 | Identified the +10 quarterstaff of Distant Worlds {venom,
                  | rElec Int-4 Dex+6 Stlth+}
 40495 | Shoals:4 | Got a barnacled rune of Zot
 40799 | Shoals:4 | Identified the ring "Quonlypp" {rPois rN+ Will+}
 41038 | Vaults:1 | Entered Level 1 of the Vaults
 41232 | Vaults:1 | Reached skill level 16 in Dodging
 41671 | Vaults:1 | Found Fengeta's Assorted Antiques.
 41676 | Vaults:1 | Bought a scroll of identify for 52 gold pieces
 41676 | Vaults:1 | Bought a scroll labelled HOAFUAHUOFF for 26 gold pieces
 41676 | Vaults:1 | Bought a bloodstained hand axe for 208 gold pieces
 41676 | Vaults:1 | Identified the +6 hand axe of Gigeeg {protect, rElec MP+9
                  | Int-3} (You bought it in a shop on level 1 of the Vaults)
 42321 | Vaults:2 | Found Lomifenk's Jewellery Shoppe.
 42375 | Vaults:2 | Identified the ring "Aluoruy" {rElec rF+ rN+ Will- Str+5
                  | Dex+4}
 42830 | Vaults:2 | Reached skill level 17 in Dodging
 43319 | Vaults:2 | Reached XP level 21. HP: 161/166 MP: 0/0
 43319 | Vaults:2 | Learned a level 8 spell: Disjunction
 43352 | Vaults:2 | Identified the +3 ring mail of Indemnity {Regen+ Str-4
                  | Int+3}
 43462 | Vaults:3 | Reached skill level 19 in Spellcasting
 43462 | Vaults:3 | Reached skill level 19 in Conjurations
 43462 | Vaults:3 | Reached skill level 19 in Hexes
 43462 | Vaults:3 | Reached skill level 19 in Summonings
 43462 | Vaults:3 | Reached skill level 19 in Necromancy
 43462 | Vaults:3 | Reached skill level 19 in Translocations
 43462 | Vaults:3 | Reached skill level 19 in Fire Magic
 43462 | Vaults:3 | Reached skill level 19 in Ice Magic
 43462 | Vaults:3 | Reached skill level 19 in Air Magic
 43462 | Vaults:3 | Reached skill level 19 in Earth Magic
 43462 | Vaults:3 | Reached skill level 19 in Alchemy
 43521 | Vaults:3 | Noticed Xtahua
 43528 | Vaults:3 | Killed Xtahua
 43919 | Vaults:3 | Reached skill level 18 in Dodging
 44368 | Vaults:3 | Found Guit Saj's Magic Scroll Boutique.
 44373 | Vaults:3 | Bought a scroll of teleportation for 60 gold pieces
 44373 | Vaults:3 | Bought a scroll of teleportation for 60 gold pieces
 44512 | Vaults:3 | Found a staircase to the Crypt.
 45294 | Vaults:4 | Reached skill level 19 in Dodging
 45398 | Vaults:4 | Found a runed translucent gate.
 45398 | Vaults:4 | Found a runed translucent gate.
 45398 | Vaults:4 | Found a runed translucent gate.
 45399 | Vaults:4 | Noticed Feshunla's ghost (adept KoEn)
 45399 | Vaults:4 | Noticed Konionua's ghost (adept KoEn)
 46260 | Elf:1    | Entered Level 1 of the Elven Halls
 46322 | Elf:1    | Reached XP level 22. HP: 98/172 MP: 0/0
 46389 | Elf:1    | Found a magical portal.
 46414 | WizLab   | Entered Doroklohe's Tomb
 46686 | WizLab   | Noticed an ancient lich
 46691 | WizLab   | Killed an ancient lich
 46731 | WizLab   | HP: 12/172 [torment (6)]
 46732 | WizLab   | Killed by a mummy priest's death curse

Vanquished Creatures
  An ancient lich (WizLab)
  Xtahua (Vaults:3)
  Rupert (D:15)
  A lich (Vaults:3)
  Jorgrun (Orc:2)
  A kraken (Shoals:4)
  Frances (D:14)
  Aizul (Snake:4)
  8 nagarajas
  Ilsuiw (Shoals:2)
  6 vault wardens
  2 frost giants (Vaults:1)
  2 orc warlords
  6 ironbound preservers
  7 very ugly things
  Nessos (Orc:2)
  2 vampire knights (Vaults:3)
  A formless jellyfish (Vaults:2)
  3 ironbound thunderhulks
  2 stone giants
  18 dire elephants
  Azrael (Snake:1)
  2 war gargoyles
  Josephine (D:15)
  A minotaur (Gauntlet)
  5 mummy priests (WizLab)
  A crystal guardian (Vaults:1)
  A fire dragon (D:12)
  5 yaktaur captains
  8 merfolk impalers
  3 entropy weavers (D:12)
  3 merfolk javelineers
  Harold (D:11)
  A deep elf high priest (Vaults:3)
  A salamander tyrant (Snake:2)
  4 great orbs of eyes
  2 peacekeepers
  Erolcha (Orc:2)
  A rakshasa (D:13)
  3 ogre magi
  4 ghost crabs (D:12)
  5 hydras
  8 ironbound frosthearts
  13 centaur warriors
  A merfolk avatar (Shoals:4)
  3 satyrs
  An alligator snapping turtle (Shoals:4)
  2 death knights
  9 boulder beetles
  2 catoblepae
  13 anacondas
  A deep troll shaman (Lair:5)
  6 death yaks (Lair:5)
  13 two-headed ogres
  A deep troll earth mage (D:15)
  13 naga warriors
  3 merfolk aquamancers (Shoals:4)
  4 shock serpents
  13 naga sharpshooters
  A wretched star (Gauntlet)
  A deep elf knight (Elf:1)
  Amaemon (Lair:2)
  3 skysharks
  5 fire crabs
  A skeletal warrior (Vaults:3)
  23 sea snakes
  Lodul (D:11)
  A golden dragon zombie (WizLab)
  3 salamander mystics
  2 glowing orange brains
  5 arcanists
  22 deep trolls
  2 phantasmal warriors (D:15)
  A shadow dragon zombie (WizLab)
  A deep elf archer (Elf:1)
  7 ironbound convokers
  8 mana vipers
  8 deep elf zephyrmancers (Elf:1)
  7 deep elf pyromancers
  7 lindwurms
  7 orc knights
  5 naga ritualists
  A harpy (shapeshifter) (D:13)
  20 harpies
  16 ugly things
  An orc sorcerer (Orc:1)
  A necromancer (IceCv)
  A fire giant zombie (WizLab)
  A wolf spider (D:15)
  8 salamanders
  7 manticores
  Maurice (D:10)
  11 cyclopes
  A frost giant zombie (WizLab)
  15 guardian serpents
  10 elephants
  16 fauns
  An ice statue (IceCv)
  A kobold blastminer (Orc:2)
  13 vault sentinels
  A meliai (shapeshifter) (D:15)
  38 black mambas
  A black mamba (shapeshifter) (D:14)
  13 merfolk sirens
  5 water nymphs
  3 meliai (D:15)
  An apocalypse crab (D:12)
  19 naga magi
  A smoke demon (D:9)
  A gargoyle (D:12)
  Maggie (Lair:2)
  14 cane toads
  A rime drake (Lair:1)
  2 orange demons
  26 yaktaurs
  A komodo dragon (Lair:4)
  2 unseen horrors
  2 tengu conjurers (D:15)
  4 efreet
  4 freezing wraiths (IceCv)
  16 ice devils
  4 guardian mummies (WizLab)
  2 anaconda simulacra (IceCv)
  44 merfolk
  A queen bee (shapeshifter) (D:15)
  7 wind drakes
  16 trolls
  7 blink frogs
  2 polar bears (Lair:5)
  10 snapping turtles
  10 dream sheep
  An ettin zombie (WizLab)
  Prince Ribbit (Lair:2)
  21 slime creatures
  An air elemental (Elf:1)
  Sigmund (D:4)
  A dire elephant simulacrum (IceCv)
  4 fire elementals
  A small abomination (Gauntlet)
  A ynoxinul (Gauntlet)
  A spriggan (shapeshifter) (D:15)
  5 wyverns
  16 humans (D:13)
  8 wraiths
  3 fire bats (Gauntlet)
  20 yaks
  4 basilisks
  5 death yak simulacra (IceCv)
  2 neqoxecs
  10 vampire mosquitoes
  6 wargs
  A culicivora (shapeshifter) (Vaults:1)
  46 nagas
  A harpy simulacrum (IceCv)
  2 acid dragons
  19 water moccasins
  A hydra simulacrum (IceCv)
  2 hell hounds
  3 ice beasts
  16 orc warriors
  2 black bears
  4 laughing skulls
  2 sky beasts
  A centaur (D:6)
  25 ogres
  21 wolves
  A wolf (shapeshifter) (D:13)
  7 boggarts
  Blork the orc (D:4)
  3 kobold brigands (D:7)
  11 bullfrogs
  5 scorpions
  A two-headed ogre simulacrum (IceCv)
  2 cane toad simulacra (IceCv)
  4 wights
  4 elephant simulacra (IceCv)
  13 killer bees
  5 howler monkeys
  An electric eel (Lair:1)
  4 bombardier beetles
  A quasit (D:9)
  13 orc priests
  3 hounds
  6 jellies
  3 gnoll boudas
  4 iron imps
  2 sleepcaps
  4 iguanas
  Ijyb (D:3)
  22 orc wizards
  A spriggan simulacrum (IceCv)
  7 polar bear simulacra (IceCv)
  A troll simulacrum (IceCv)
  2 wolf simulacra (IceCv)
  Robin (D:4)
  10 adders
  12 gnolls
  2 white imps (IceCv)
  2 ufetubi
  2 dart slugs (D:1)
  2 ribbon worms (D:3)
  81 orcs
  10 ball pythons
  9 bats
  10 endoplasms
  A giant cockroach (D:1)
  8 hobgoblins
  8 jackals
  20 kobolds
  8 quokkas
  7 frilled lizards
  11 goblins
  3 rats
1330 creatures vanquished.

Vanquished Creatures (collateral kills)
  30 foxfires
30 creatures vanquished.

Vanquished Creatures (others)
  2313 foxfires
2313 creatures vanquished.

Grand Total: 3673 creatures vanquished

Table legend: (Time is in decaauts)
 A = Elapsed time spent in this place.
 B = Non-inter-level travel time spent in this place.
 C = Inter-level travel time spent in this place.
 D = Time resting spent in this place.
 E = Time spent auto-exploring this place.
 F = Levels seen in this place.
 G = Mean time per level.
                   A        B        C        D        E       F      G
               +--------+--------+--------+--------+--------+-----+--------+
         Total |  46773 |  44225 |   2548 |   6468 |  30730 |  38 | 1230.9 |
       Dungeon |  18400 |  17395 |   1005 |   1182 |  13573 |  15 | 1226.7 |
          Lair |   7536 |   7015 |    521 |   1232 |   4608 |   5 | 1507.2 |
        Shoals |   4860 |   4656 |    204 |   1223 |   2857 |   4 | 1215.0 |
     Snake Pit |   5714 |   5363 |    351 |    789 |   3770 |   4 | 1428.5 |
  Orcish Mines |   2000 |   1768 |    232 |    414 |    990 |   2 | 1000.0 |
   Elven Halls |    153 |    153 |      0 |     22 |      0 |   1 |  153.0 |
        Vaults |   5078 |   4845 |    233 |     64 |   4253 |   4 | 1269.5 |
      Ice Cave |   1654 |   1654 |      0 |    716 |    451 |   1 | 1654.0 |
        Wizlab |    320 |    320 |      0 |    238 |     22 |   1 |  320.0 |
      Gauntlet |   1053 |   1053 |      0 |    588 |    206 |   1 | 1053.0 |
               +--------+--------+--------+--------+--------+-----+--------+

Top non-repeatable levels by time:
    D:12: 2456 daAuts
  Lair:2: 2293 daAuts
 Snake:4: 2159 daAuts
     D:7: 1657 daAuts
   IceCv: 1654 daAuts
  Lair:1: 1595 daAuts
     D:3: 1564 daAuts
     D:9: 1512 daAuts
 Snake:3: 1432 daAuts
Vaults:3: 1431 daAuts
Shoals:4: 1423 daAuts
  Lair:4: 1423 daAuts
 Snake:1: 1344 daAuts
  Lair:5: 1338 daAuts
Vaults:1: 1302 daAuts

Table legend:
 A = Non-vault XP
 B = Vault XP
 C = Vault XP percentage of total XP
 D = Non-vault monster count
 E = Vault monster count
 F = Vault count percentage of total count
                 A         B        C        D         E       F
            +---------+---------+-------+---------+---------+-------
      Total |  277354 |  238277 |  46.2 |     829 |     501 |  37.7
            +---------+---------+-------+---------+---------+-------
        D:1 |      82 |       0 |   0.0 |      28 |       0 |   0.0
        D:2 |      64 |      16 |  20.0 |      16 |       4 |  20.0
        D:3 |     190 |      46 |  19.5 |      32 |       5 |  13.5
        D:4 |     262 |     375 |  58.9 |       8 |      14 |  63.6
        D:5 |     828 |      49 |   5.6 |      21 |       1 |   4.5
        D:6 |    1129 |     123 |   9.8 |      28 |       1 |   3.4
        D:7 |     980 |    1210 |  55.3 |      22 |      10 |  31.2
        D:8 |    1024 |       0 |   0.0 |      24 |       0 |   0.0
        D:9 |    1472 |    1128 |  43.4 |      15 |      10 |  40.0
       D:10 |    2651 |     539 |  16.9 |      21 |       1 |   4.5
       D:11 |    5250 |    2375 |  31.1 |      26 |       8 |  23.5
       D:12 |    7251 |   13230 |  64.6 |      18 |      17 |  48.6
       D:13 |    5341 |    8447 |  61.3 |      17 |      23 |  57.5
       D:14 |    7027 |    1512 |  17.7 |      13 |       1 |   7.1
       D:15 |   11615 |    8567 |  42.4 |      23 |      16 |  41.0
     Lair:1 |    5384 |       0 |   0.0 |      28 |       0 |   0.0
     Lair:2 |    7336 |    5071 |  40.9 |      25 |      18 |  41.9
     Lair:3 |    1416 |    1527 |  51.9 |       8 |       3 |  27.3
     Lair:4 |    3409 |    1760 |  34.0 |      13 |      19 |  59.4
     Lair:5 |    4936 |    9916 |  66.8 |      13 |      29 |  69.0
   Shoals:1 |    5404 |       0 |   0.0 |      11 |       0 |   0.0
   Shoals:2 |   16548 |    3217 |  16.3 |      34 |       5 |  12.8
   Shoals:3 |   17290 |       0 |   0.0 |      37 |       0 |   0.0
   Shoals:4 |   23678 |   19691 |  45.4 |      44 |      34 |  43.6
    Snake:1 |    9484 |    1124 |  10.6 |      21 |       2 |   8.7
    Snake:2 |    5520 |    1358 |  19.7 |      10 |       3 |  23.1
    Snake:3 |   20196 |   10911 |  35.1 |      44 |      20 |  31.2
    Snake:4 |   27806 |   30040 |  51.9 |      53 |      44 |  45.4
      Orc:1 |    3153 |    2862 |  47.6 |      29 |       6 |  17.1
      Orc:2 |    1784 |   17926 |  90.9 |      30 |      40 |  57.1
      Elf:1 |    4735 |    4810 |  50.4 |       9 |       8 |  47.1
   Vaults:1 |   12261 |    7003 |  36.4 |      17 |       8 |  32.0
   Vaults:2 |   23308 |   19066 |  45.0 |      33 |      28 |  45.9
   Vaults:3 |   26327 |   13708 |  34.2 |      41 |      12 |  22.6
   Vaults:4 |   12213 |   23528 |  65.8 |      17 |      33 |  66.0
      IceCv |       0 |   10203 | 100.0 |       0 |      51 | 100.0
     WizLab |       0 |   13152 | 100.0 |       0 |      15 | 100.0
   Gauntlet |       0 |    3787 | 100.0 |       0 |      12 | 100.0
            +---------+---------+-------+---------+---------+-------
